 Dungeon Crawl Stone Soup version 0.19.1 (webtiles) character file.

84 Millan the Shield-Bearer (level 4, 35/35 HPs)
             Began as a Formicid Fighter on Nov 29, 2016.
             Quit the game on level 2 of the Dungeon.
             The game lasted 00:04:24 (1671 turns).

Millan the Shield-Bearer (Formicid Fighter)         Turns: 1671, Time: 00:04:24

Health: 35/35      AC:  8    Str: 22    XL:     4   Next: 72%
Magic:  4/4        EV:  8    Int:  7    God:
Gold:   74         SH: 10    Dex: 10    Spells: 0 memorised, 3 levels left

rFire  x . .     SeeInvis +     a - +0 long sword
rCold  + . .     Gourm    .     b - +0 scale mail
rNeg   . . .     Faith    .     c - +0 shield
rPois  .         Spirit   .     (helmet unavailable)
rElec  .         Reflect  .     (no cloak)
rCorr  .         Harm     .     m - +0 pair of gloves
MR     .....                    (no boots)
Stlth  ..........               p - amulet of inaccuracy (curse)
                                (no ring)
                                l - ring of ice

@: no status effects
A: permanent stasis, dig shafts and tunnels, four strong arms, antennae 3
a: Dig, Shaft Self


You were on level 2 of the Dungeon.
You were hungry.

You visited 1 branch of the dungeon, and saw 2 of its levels.

You collected 74 gold pieces.

Inventory:

Hand Weapons
 a - a +0 long sword (weapon)
Armour
 b - a +0 scale mail (worn)
 c - a +0 shield (worn)
 m - a +0 pair of gloves (worn)
Jewellery
 l - a ring of ice (left hand)
 p - a cursed amulet of inaccuracy (around neck)
Wands
 d - a wand of polymorph (3/24)
 h - a wand of iceblast (8/15)
Scrolls
 e - 4 scrolls of identify {unknown}
 i - 2 scrolls of remove curse {unknown}
 j - 4 scrolls of teleportation {unknown}
 k - 2 scrolls of fear {unknown}
Potions
 n - a potion of brilliance {unknown}
Comestibles
 f - a bread ration
 g - 2 meat rations
 o - a chunk of flesh


   Skills:
 - Level 3.2 Fighting
 - Level 2.0 Long Blades
 - Level 3.2 Armour
 + Level 6.1 Shields


You had 3 spell levels left.
You didn't know any spells.

Dungeon Overview and Level Annotations

Branches:
Dungeon (2/15)

Altars:


Innate Abilities, Weirdness & Mutations

You are under a permanent stasis effect.
You can dig through walls and to a lower floor.
Your four strong arms can wield two-handed weapons with a shield.
You have a pair of large antennae on your head. (SInv)


Message History

No target in view!
No target in view!
No target in view!
You start resting.
HP restored.
You butcher the quokka corpse.
o - a chunk of flesh
p - a glowing bone amulet
i - 2 scrolls labeled XUUMAJAUKA (gained 1)
You see here a robe.
You now have 74 gold pieces (gained 10).
Wear which item? (? for menu, Esc to quit)
Okay, then.
Put on which piece of jewellery? (? for menu, Esc to quit)
Oops, that amulet feels deathly cold.
p - a cursed amulet of inaccuracy (around neck) Put on which piece of jewellery? (? for menu, Esc to quit)
You feel more attuned to ice.
l - a ring of ice (left hand) Are you sure you want to abandon this character and quit the game? (Confirm with "yes".)

#########
#.'.#.#.#
#.#.....#
#.###..##
#..#..@.#
#†####.[#
#..#.######
#.........#
#########.#
#.#
#.#########
#.........#
######....#


There were no monsters in sight!

Vanquished Creatures
  Robin (D:2)
  An adder (D:2)
  An ooze (D:2)
  2 worms (D:2)
  2 leopard geckos
  6 bats
  13 goblins
  5 hobgoblins
  4 jackals (D:1)
  A quokka (D:2)
  7 kobolds
  3 rats
46 creatures vanquished.

Notes
Turn   | Place    | Note
-------+----------+-------------------------------------------
     0 | D:1      | Millan the Formicid Fighter began the quest for the Orb.
     0 | D:1      | Reached XP level 1. HP: 18/18 MP: 1/1
   149 | D:1      | Reached skill level 4 in Shields
   271 | D:1      | Reached XP level 2. HP: 23/24 MP: 2/2
   493 | D:1      | Reached XP level 3. HP: 27/29 MP: 3/3
   797 | D:1      | Reached skill level 5 in Shields
  1218 | D:2      | Reached XP level 4. HP: 35/35 MP: 4/4
  1258 | D:2      | Noticed Robin
  1307 | D:2      | Killed Robin
  1307 | D:2      | Reached skill level 6 in Shields
  1671 | D:2      | Quit the game

Skill      XL: |  1  2  3  4 |
---------------+-------------+-----
Shields        | 4 5 6 |  6.1
Fighting       | |  3.2
Long Blades    | |  2.0
Armour         | |  3.2

Action                   |  1- 3 |  4- 6 || total
-------------------------+-------+-------++-------
Melee: Long sword        |    86 |    67 ||   153
 Abil: Dig               |       |     2 ||     2
  Use: Potion            |       |     1 ||     1
  Eat: Chunk             |     1 |     1 ||     2
Armor: Scale mail        |    42 |    30 ||    72
Dodge: Dodged            |    31 |    22 ||    53
Block: Shield            |    55 |    38 ||    93
       Rpst.: Long sword |    11 |     8 ||    19
